 Dungeon Crawl Stone Soup version 0.20.0-15-g7f486f2 (webtiles) character file.

88 NoAnimeNoLife the Shooter (level 4, -9/36 HPs)
             Began as a Centaur Hunter on June 13, 2017.
             Killed from afar by Terence (11 damage)
             ... with a wand of flame (?/48)
             ... on level 2 of the Dungeon.
             The game lasted 00:01:37 (1849 turns).

NoAnimeNoLife the Shooter (Centaur Hunter)          Turns: 1849, Time: 00:01:37

Health: -9/36      AC:  4    Str: 14    XL:     4   Next: 30%
Magic:  4/4        EV:  9    Int: 10    God:
Gold:   108        SH:  0    Dex: 11    Spells: 3/3 levels left

rFire    . . .     SeeInvis .   a - +1 shortbow
rCold    . . .     Gourm    .   (shield currently unavailable)
rNeg     . . .     Faith    .   c - +0 leather armour
rPois    .         Spirit   .   (no helmet)
rElec    .         Reflect  .   (no cloak)
rCorr    .         Harm     .   (no gloves)
MR       .....                  (no barding)
Stlth    +.........             (no amulet)
Regen    0.2/turn               (no ring)
MPRegen  0.1/turn               (no ring)

@: very quick
A: hooves 3, deformed body, speed 2, tough skin 3
a: no special abilities


You were on level 2 of the Dungeon.
You were not hungry.

You visited 1 branch of the dungeon, and saw 2 of its levels.

You collected 108 gold pieces.

Inventory:

Hand Weapons
 a - a +1 shortbow (weapon)
 b - a +0 short sword
Missiles
 d - 101 arrows (quivered)
Armour
 c - a +0 leather armour (worn)
Scrolls
 e - a scroll of random uselessness {unknown}
 g - 2 scrolls of teleportation {unknown}
 h - 3 scrolls of identify {unknown}
 i - 2 scrolls of enchant weapon {unknown}
 l - a scroll of blinking {unknown}
 m - 2 scrolls of fog {unknown}
 o - a scroll of remove curse {unknown}
Potions
 k - 2 potions of brilliance {unknown}
 n - a potion of berserk rage {unknown}
 p - a potion of flight {unknown}
Comestibles
 f - a bread ration
 j - a meat ration


   Skills:
 - Level 2.0 Fighting
 + Level 7.7 Bows
 - Level 1.3 Dodging
 - Level 0.4 Stealth


You had 3 spell levels left.
You didn't know any spells.

Dungeon Overview and Level Annotations

Branches:
Dungeon (2/15)

Altars:
Dithmenos

Annotations:
D:2 Terence


Innate Abilities, Weirdness & Mutations

You have hooves in place of feet.
Armour fits poorly on your strangely shaped body.
You cover ground very quickly.
You have extremely tough skin. (AC +3)


Message History

You are too injured to fight recklessly!
Firing (i - inventory):
d - 104 arrows (quivered)
Press: ? - help, Shift-Dir - straight line, f/p - Terence
Aim: Terence, wielding a flail of venom, wearing a chain mail and carrying a wand of flame (?/48) {zapped: 5} (moderately wounded)
You shoot an arrow.
The arrow hits Terence but does no damage.
Terence is moderately wounded.
Firing (i - inventory):
d - 103 arrows (quivered)
Press: ? - help, Shift-Dir - straight line, f/p - Terence
Aim: Terence, wielding a flail of venom, wearing a chain mail and carrying a wand of flame (?/48) {zapped: 5} (moderately wounded)
You shoot an arrow. The arrow hits Terence.
Terence is heavily wounded.
Terence zaps a wand.
The puff of flame hits you!
* * * LOW HITPOINT WARNING * * *
Firing (i - inventory):
d - 102 arrows (quivered)
Press: ? - help, Shift-Dir - straight line, f/p - Terence
Aim: Terence, wielding a flail of venom, wearing a chain mail and carrying a wand of flame (?/48) {zapped: 6} (heavily wounded)
You shoot an arrow. The arrow barely misses Terence.
Terence zaps a wand.
The puff of flame hits you!
You die...

..........######.#.#.#
.######(.........#.#.#
.# #......###.#.#.###
#### #......#
#...#..<# ...#
##.#.### #.#######
##.# #.#.#####.##
##.#####.#..#.....#
.........##.#.....#
...##...........@.#
...##.............#
...##.............#
...##.........##.##
...##..........#.#
...##..........#@#
...##..........#(#
#####..........#(####
#...............#


You could see Terence.

Vanquished Creatures
  Robin (D:2)
  3 adders (D:2)
  3 worms (D:2)
  A dart slug (D:1)
  A leopard gecko (D:2)
  3 bats (D:2)
  A giant cockroach (D:1)
  9 goblins
  8 hobgoblins (D:2)
  5 kobolds
  2 ball pythons (D:2)
  3 rats
40 creatures vanquished.

Notes
Turn   | Place    | Note
-------+----------+-------------------------------------------
     0 | D:1      | NoAnimeNoLife the Centaur Hunter began the quest for the Orb.
     0 | D:1      | Reached XP level 1. HP: 17/17 MP: 1/1
   335 | D:1      | Reached XP level 2. HP: 22/24 MP: 2/2
   854 | D:2      | Reached skill level 6 in Bows
   910 | D:2      | Noticed Robin
   911 | D:2      | Reached XP level 3. HP: 29/29 MP: 3/3
  1283 | D:2      | Reached skill level 7 in Bows
  1393 | D:2      | Killed Robin
  1393 | D:2      | Reached XP level 4. HP: 27/36 MP: 4/4
  1484 | D:2      | Noticed Terence
  1685 | D:2      | Found a shadowy altar of Dithmenos.
  1849 | D:2      | Killed from afar by Terence

Skill      XL: |  1  2  3 |
---------------+----------+-----
Bows           | 6 7 |  7.7
Fighting       | |  2.0
Dodging        | |  1.3
Stealth        | |  0.4

Action                   |  1- 3 |  4- 6 || total
-------------------------+-------+-------++-------
 Fire: Shortbow          |    83 |    33 ||   116
  Eat: Chunk             |       |     1 ||     1
Armor: Leather armour    |     9 |       ||     9
Dodge: Dodged            |    15 |       ||    15
